[Event "*** Titled Tuesday Blitz"]
[Site "Chess.com"]
[Date "2020.11.10"]
[Round "9"]
[White "NewBornNow"]
[Black "chito89"]
[Result "0-1"]
[WhiteElo "2649"]
[BlackElo "2838"]
[TimeControl "180+1"]
[EndTime "11:54:07 PST"]
[Termination "chito89 won by resignation"]

1. e4 c5 2. Nf3 e6 3. d3 Nc6 4.
g3 d5 5. Qe2 Nge7 6. Bg2 g6 7.
O-O Bg7 8. c3 b6 9. Re1 h6 10.
h4 a5 11. a4 Ba6 12. e5 Qc7 13. Na3 Rd8 14. Nb5 Bxb5 15. axb5 Nb8 16. Bf4 Nd7 17. Bh3 Nf5 18. h5 g5 19. Bd2 Ne7 20. d4 c4 21. Qd1 Nc8 22. Qc2 Na7 23. Bxe6 fxe6 24.
Qg6+ Kf8 25. Bxg5 Re8 26. Bh4 Nxb5 27. Re3 Nb8 28. Ng5 hxg5 29. Rf3+ Ke7 30. Rf7+ Kd8 31.
Bxg5+ Kc8 32. Rxc7+ Nxc7 33. f4 Reg8 34. Qf7 Nd7 35. Kf2 Bf8 36. h6 Nb8 37. Rh1 Nc6 38. Bf6 Nd8 39. Qh5 Rh7 40. Bg5 Nf7 41. Kf3 Kd7 42.
Qg4 Bxh6 43. Rh5 Nxg5+ 44. fxg5 Rf7+ 45. Kg2 Bf8 46. g6 Rfg7 47. Rh7 Be7 48. Rxg7 Rxg7 49. Qh5 Ne8 50. Qh6 b5 51. Qh5 b4 52. Kf1 b3 53.
Ke2 a4 54. Kd1 Rg8 55. Qh7 Rg7 56. Qh6 a3 57. bxa3 Bxa3 58. Kd2 Kc6 59. g4 Rb7 60. Qh8 Kd7 61. Qh7+ Be7 62. Qh1 b2 63. Qb1 Ng7 64. Kc2 Ba3 65. Kd1 Rb3 66. Kc2 Ke7 67. g5 Kd7 68. Kd2 Nf5 69. Kc2 Ke7 70. Kd2 Kf8 71. Qh1 b1=Q 72. Qh8+ Ke7 73. Qh7+ Kd8 74. Qg8+ Kd7 75.
Qxe6+ Kxe6 0-1

[Event "*** Titled Tuesday Blitz"]
[Site "Chess.com"]
[Date "2020.11.10"]
[Round "9"]
[White "Mambastik-Fantastic"]
[Black "Alomaterapia"]
[Result "1-0"]
[WhiteElo "2300"]
[BlackElo "2433"]
[TimeControl "180+1"]
[EndTime "11:54:07 PST"]
[Termination "Mambastik-Fantastic won by checkmate"]

1. e4 e5 2. Nf3 Nc6 3. Bb5 a6 4. Ba4 Nf6 5. d3 b5 6. Bb3 Be7 7. O-O O-O 8. c3 d6 9. Nbd2 Nb8 10. Re1 Nbd7 11. a4 Bb7 12. Nf1 Nc5 13. Ng3 Qd7 14. Nf5 Bd8 15. a5 Nxb3 16. Qxb3 g6 17. Nh6+ Kg7 18. h3 c5 19. Ng5 d5 20. d4 cxd4 21.
cxd4 Nxe4 22. Nxe4 dxe4 23. dxe5 Bh4 24. Ng4 Kh8 25. Bh6 Rfe8 26. Rad1 Qe6 27. Qxe6 Rxe6 28. Rd7 Re7 29. Red1 Rae8 30. g3 Bc8 31. R7d5 Bxg3 32.
fxg3 Bxg4 33. hxg4 Kg8 34. Kf2 Rc7 35. Ke3 f5 36.
gxf5 gxf5 37. Kf4 Re6 38. Rd8+ Kf7 39. Bg5 h6 40. Bf6 Rc2 41. R1d7+ Kg6 42. Rd2 Rc4 43. Rg8+ Kf7 44. Rh8 e3+ 45. Kxe3 Re4+ 46. Kf3 Kg6 47. Rg8+ Kf7 48. Rg7+ Kf8 49. Rd8+ Re8 50. Rg8+ Kxg8 51. Rxe8+ Kf7 52. Re7+ Kg6 53. Rg7+ Kh5 54. g4+ Rxg4 55. Rxg4 fxg4+ 56. Kg3 b4 57. b3 Kg6 58. Kxg4 Kf7 59. Kh5 Ke6 60. Kxh6 Kd5 61. Kg6 Kd4 62. e6+ Kd3 63. e7 Kc2 64. e8=Q Kxb3 65. Qe6+ Ka3 66. Qe3+ b3 67. Be7+ Ka2 68. Bf6 b2 69. Qd2 Kb3 70. Qxb2+ Ka4 71. Qc2+ Ka3 72. Be5 Kb4 73. Qe2 Ka3 74.
Bd4 Kb3 75. Qxa6 Ka3 76. Qd6+ Kb3 77. a6 Ka4 78. a7 Kb3 79. a8=Q Kc2 80. Qac6+ Kd3 81.
Qg3+ Ke2 82. Qg4+ Kf1 83. Qf6+ Ke1 84. Qe4+ Kd2 85. Qff4+ Kd1 86. Qef3+ Kc2 87. Qh2+ Kb1 88. Qfh1# 1-0

[Event "*** Titled Tuesday Blitz"]
[Site "Chess.com"]
[Date "2020.11.10"]
[Round "9"]
[White "ukchessbomber"]
[Black "JoliyRoger"]
[Result "1-0"]
[WhiteElo "2247"]
[BlackElo "2344"]
[TimeControl "180+1"]
[EndTime "11:54:07 PST"]
[Termination "ukchessbomber won on time"]

1. d4 Nf6 2. g4 Nxg4 3. e4 Nf6 4. Be2 d6 5. Nc3 e5 6. dxe5 dxe5 7. Qxd8+ Kxd8 8. Bg5 Nd7 9. O-O-O c6 10. f3 Be7 11.
f4 h6 12. Bxf6 Bxf6 13. f5 Ke7 14. Nf3 a5 15. Nd2 b5 16. a4 b4 17. Ncb1 Nc5 18.
b3 Rd8 19. Bf3 Ba6 20. h4 Rd7 21. c4 bxc3 22. Nxc3 Rb8 23. Kc2 Nd3 24. Be2 Nb4+ 25. Kb1 Bxe2 26. Nxe2 Rbd8 27. Kc1 Rd3 28. Nc4 Rxb3 29.
Rxd8 Kxd8 30. Nxa5 Ra3 31. Kb1 Rxa4 32. Nb7+ Kc7 33.
Nc5 Ra5 34. Nb3 Rb5 35. Nc3 Rb8 36. Kc1 Nd3+ 37. Kc2 Nf4 38. h5 Rd8 39. Nc5 Rd4 40.
Rb1 Nxh5 41. Rb7+ Kc8 42. Rxf7 Ng3 43. N3a4 Nxe4 44. Nb6+ Kd8 45. Ne6+ Ke8 46. Rf8+ Ke7 47. Nc8+ Kd7 48. Nb6+ Kd6 49. Nc8+ Kd7 50. Nb6+ Kd6 51.
Rf7 Nc5 52. Nc8+ Kd5 53. Nb6+ Ke4 54. Nxc5+ Kf4 55. Ne6+ Kxf5 56. Nxd4+ exd4 57. Kd3 Ke6 58. Ra7 Kd6 59. Nc4+ Kc5 60. Ra1 Be7 61. Rg1 Bf6 62.
Nd2 Kd5 63. Ne4 Be5 64. Rc1 g5 65. Rc5+ Ke6 66. Rc1 Kd5 67. Rc5+ Ke6 68. Ra5 g4 69. Nc5+ Kf5 70. Nd7 Kf4 71. Nxe5 g3 72. Nxc6 g2 73. Ra1 Kf3 74. Nxd4+ Kf2 75. Ne2 h5 76. Ng1 h4 77.
Ke4 Kg3 78. Ke3 h3 79. Nxh3 Kh2 80. Kf2 Kxh3 81. Rg1 Kh2 82. Rxg2+ Kh1 83. Rg8 1-0

[Event "*** Titled Tuesday Blitz"]
[Site "Chess.com"]
[Date "2020.11.10"]
[Round "9"]
[White "xberli"]
[Black "andrzej"]
[Result "1/2-1/2"]
[WhiteElo "2526"]
[BlackElo "2384"]
[TimeControl "180+1"]
[EndTime "11:54:09 PST"]
[Termination "Game drawn by repetition"]

1. e4 c5 2. Nf3 e6 3. d4 cxd4 4.
Nxd4 Nf6 5. Nc3 d6 6. Bc4 Be7 7. Be3 O-O 8. Qe2 Nxe4 9. Nxe4 d5 10. Bd3 dxe4 11. Bxe4 Qa5+ 12. Bd2 Qb6 13. Nb3 a5 14. O-O Nd7 15. a4 Nf6 16. Bd3 Bd7 17. Qe3 Qc7 18. h3 Nd5 19. Qe1 Bf6 20. c3 Rfe8 21. Be4 Bc6 22.
Nc5 b6 23. Nd3 Rad8 24. Qe2 Bb7 25. Qf3 Qc4 26. Rfe1 Nxc3 27. Bxc3 Bxe4 28. Rxe4 Qxd3 29. Re3 Qd5 30. Bxf6 Qxf3 31. Rxf3 gxf6 32. Rxf6 Rd2 33.
Rb1 Rc8 34. Rf3 Rcc2 35. b3 f5 36. g4 fxg4 37. hxg4 Re2 38. Kg2 e5 39. Kg3 e4 40.
Rf6 e3 41. fxe3 Rxe3+ 42. Rf3 Rcc3 43. Rxe3 Rxe3+ 44. Kf4 Rc3 45. Ke4 Kg7 46. Kd4 Rg3 47. Kd5 Rxg4 48. Kc6 Rg6+ 49. Kb5 h5 50. Rh1 Kh6 51.
Rh4 Kg5 52. Rh1 h4 53. Kc4 Rf6 54. Rg1+ Kh5 55. Rh1 Kg4 56. Rg1+ Kh3 57. Rh1+ Kg3 58. Rg1+ Kh2 59. Rg8 h3 60. Kb5 Kh1 61. b4 axb4 62. Kxb4 h2 63. Kb5 Rf2 64. Kxb6 Rg2 65. Rc8 Kg1 66. Rc1+ Kf2 67. Rc2+ Kg3 68. Rc3+ Kf4 69. Rc4+ Kg3 70. Rc3+ Kh4 71. Rc4+ Rg4 72. Rc1 Rg1 73.
Rc4+ Kg5 74. Rc5+ Kf6 75. Rc6+ Ke5 76. Rc5+ Kd4 77. Rh5 h1=Q 78. Rxh1 Rxh1 79. a5 Kd5 80. a6 Kd6 81. a7 Rb1+ 82. Ka6 Ra1+ 83. Kb7 Rb1+ 84. Kc8 Ra1 85. Kb7 Rb1+ 86. Kc8 Ra1 87. Kb7 1/2-1/2

[Event "*** Titled Tuesday Blitz"]
[Site "Chess.com"]
[Date "2020.11.10"]
[Round "9"]
[White "JoachimMouhamad"]
[Black "lacafi"]
[Result "1/2-1/2"]
[WhiteElo "2343"]
[BlackElo "2146"]
[TimeControl "180+1"]
[EndTime "11:54:13 PST"]
[Termination "Game drawn by repetition"]

1. e4 c6 2. d4 d5 3. Nc3 dxe4 4. Nxe4 Nf6 5. Nxf6+ exf6 6. c3 Bd6 7. Bd3 O-O 8.
Ne2 Re8 9. O-O h5 10. Ng3 h4 11.
Nf5 Bxf5 12. Bxf5 Nd7 13. Bd2 Nf8 14. a4 Bc7 15. Qf3 Qd6 16. g3 hxg3 17. hxg3 Ne6 18. Rfe1 Ng5 19. Bxg5 fxg5 20. Kg2 g6 21. Bd3 Kg7 22.
a5 Rad8 23. b4 Qf6 24. Be4 Re6 25. Qxf6+ Kxf6 26. Bf3 Rdd6 27. Kf1 a6 28. Rxe6+ Rxe6 29. d5 Rd6 30. dxc6 bxc6 31. Be2 c5 32. bxc5 Rc6 33.
Ra3 Rxc5 34. Bxa6 Rxa5 35. Rxa5 Bxa5 36. c4 Ke7 37. Ke2 f6 38. Bb7 Kd6 39. Be4 Kc5 40. Bd3 Bc3 41. Kd1 Bd4 42. f3 Be5 43. g4 Bd4 44. Kc2 Be5 45. Kb3 Bf4 46. Bxg6 Be5 47. Bf5 Bf4 48. Be4 Be5 49. Bd5 Bf4 50. Kc2 Be5 51. Kd3 Bd4 52. Ke4 Be5 53. Kf5 Kd4 54.
Ke6 Kc5 55. Kf5 Kd4 56. Be6 Kc5 57. Ke4 Bf4 58. Bd5 Be5 59. Bf7 Bf4 60. Kf5 Be5 61. Be6 Kd4 62. Bg8 Kc5 63. Ke6 Kd4 64. Kd7 Kc5 65. Kc8 Bf4 66. Kb7 Be5 67. Bd5 Bd4 68. Kc7 Be5+ 69. Kd7 Bf4 70. Ke6 Be5 71. Kf7 Kd4 72.
Kg6 Kc5 73. f4 gxf4 74. Kf5 Kd4 75. Bf3 Kc5 76. Ke4 Bd6 77. Be2 Bc7 78. Bf1 Bd6 79. Kf3 Kd4 80. g5 fxg5 81. Kg4 Be7 82. Kf3 Ke5 83. Bh3 Kf6 84. Bg4 Kg6 85. Ke4 Bc5 86.
Bf3 Ba3 87. Bg4 Kf6 88. Kf3 Ke5 89. Bh3 Kd4 90. Bg4 Kxc4 91. Bh3 Kd4 92. Bg4 Ke5 93.
Bh3 Be7 94. Bg4 Kd4 95. Bh3 Kd3 96. Bg4 Kd2 97. Bh3 Ke1 98. Bg4 Kf1 99. Bf5 Kg1 100. Be6 Kh2 101. Bd7 Bf6 102. Bc8 Bd8 103. Bd7 Bc7 104. Bc8 g4+ 105. Bxg4 Kg1 106. Bf5 Bd6 107. Be6 Be5 108. Bd7 Bd6 109. Bc8 Be5 110. Bd7 Bd6 111. Be6 Be5 112.
Bf5 Bd6 113. Be6 1/2-1/2

[Event "*** Titled Tuesday Blitz"]
[Site "Chess.com"]
[Date "2020.11.10"]
[Round "9"]
[White "mbojan"]
[Black "Anton_Demchenko"]
[Result "1-0"]
[WhiteElo "2691"]
[BlackElo "2828"]
[TimeControl "180+1"]
[EndTime "11:54:43 PST"]
[Termination "mbojan won by checkmate"]

1. g3 g6 2. Bg2 Bg7 3. d3 Nf6 4. e4 d6 5. f4 c5 6. Nf3 Nc6 7. O-O O-O 8. h3 c4 9. Nc3 cxd3 10.
cxd3 b6 11. Be3 Bb7 12. Qd2 Rb8 13. Rac1 Nd7 14. Ne2 a5 15. f5 Nce5 16. Bh6 Ba6 17. Bxg7 Kxg7 18. Nf4 Nxf3+ 19. Bxf3 Rc8 20. Qe3 Rc5 21.
Be2 Bb7 22. a3 Nf6 23. b4 axb4 24. axb4 Rxc1 25. Rxc1 gxf5 26. exf5 Kh8 27. Kh2 Rg8 28. Qd4 Rg7 29. Re1 h6 30. Bf1 Kh7 31. Qe3 Ng8 32. h4 Nf6 33. Bh3 Qc7 34. Qxe7 Qxe7 35. Rxe7 Bc6 36.
Bg2 Ng4+ 37. Kg1 Bxg2 38. Kxg2 Nf6 39. Kf3 h5 40. Rb7 Ng4 41. Rxb6 Ne5+ 42. Kg2 Rg8 43. Rxd6 Rb8 44. Rd4 Rc8 45. b5 Rc2+ 46. Kf1 Rb2 47.
Rd5 Ng4 48. Rd7 Kg8 49. Nxh5 Ne3+ 50. Ke1 Nc2+ 51. Kd1 Ne3+ 52. Kc1 Rc2+ 53. Kb1 Rc3 54. Nf6+ Kg7 55. Nh5+ Kf8 56. f6 Ke8 57. Rb7 Rb3+ 58. Kc1 Rb4 59. Ng7+ Kd8 60. Kd2 Nd5 61. Nf5 Nxf6 62.
Rxf7 Nd5 63. Rf8+ Kd7 64. h5 Rb2+ 65. Ke1 Rh2 66. g4 Ke6 67. h6 Nf4 68. Ng7+ Ke5 69. Rf5+ Kd4 70. Rxf4+ Ke3 71. Re4+ Kxd3 72. Re6 Kc4 73. Nf5 Kd5 74. Rd6+ Ke5 75. Kf1 Kf4 76. Kg1 Rh3 77. Kg2 Rb3 78. Rd4+ Kg5 79. Kf2 Rb2+ 80. Ke3 Rxb5 81. h7 Rb8 82. Rd1 Rh8 83. Rh1 Kxg4 84.
Ke4 Kg5 85. Ke5 Kg6 86. Ne7+ Kg7 87. Nf5+ Kg6 88. Rh6+ Kg5 89. Ke6 Re8+ 90. Kf7 Rh8 91. Kg7 Ra8 92. h8=Q Ra7+ 93. Kf8 Ra8+ 94. Kf7 Ra7+ 95. Ne7 Kf4 96. Qf6+ Ke3 97. Rh3+ Kd2 98. Qf2+ Kd1 99. Rh1# 1-0

[Event "*** Titled Tuesday Blitz"]
[Site "Chess.com"]
[Date "2020.11.10"]
[Round "9"]
[White "Semetey"]
[Black "ambaixador"]
[Result "1-0"]
[WhiteElo "2581"]
[BlackElo "2461"]
[TimeControl "180+1"]
[EndTime "11:54:50 PST"]
[Termination "Semetey won by resignation"]

1. e4 c6 2. Nc3 d5 3. Nf3 dxe4 4. Nxe4 Nf6 5. Neg5 Bf5 6. Bc4 e6 7. Ne5 Bg6 8. Qe2 Nd5 9. d4 Be7 10. h4 Nd7 11.
Nxg6 hxg6 12. Rh3 Qc7 13. Qf3 N7f6 14. Bd2 Bd6 15. g3 O-O-O 16. O-O-O Kb8 17. Kb1 Rd7 18. Rhh1 Rhd8 19. Bc1 Qb6 20. Bb3 Bf8 21. c3 Ka8 22. Rhe1 Nc7 23. Bc2 Nb5 24. Ka1 Nd6 25. Bb3 Nf5 26. g4 Nd6 27. c4 Qa6 28. Qe2 Nc8 29. Be3 Nb6 30. f3 Bb4 31. Rh1 Na4 32. Qc2 Nb6 33. Kb1 Bf8 34. Bf2 Nc8 35. Rd3 Qa5 36.
Rhd1 Qb4 37. a3 Qd6 38. Ka2 Qf4 39. Qe2 Qh2 40. Qf1 Qf4 41. Be3 Qc7 42. R1d2 Nb6 43. Bf2 Qf4 44. Qg1 Qc7 45. Bg3 Qc8 46. Rd1 Re7 47. Qe1 Red7 48. Qa5 Bd6 49. Bf2 Bc7 50. Qc3 Qb8 51. Bc2 Bg3 52. Bxg3 Qxg3 53. Rh1 Qf4 54. a4 Nc8 55. Rhd1 Qc7 56. a5 a6 57.
b4 Qf4 58. R1d2 Ne7 59. Ba4 Nc8 60. Qb2 Qc7 61. Rc2 c5 62. bxc5 Qxa5 63. Ra3 Qc7 64.
c6 Rd6 65. cxb7+ Qxb7 66. Bb5 Na7 67. Bxa6 Rxa6 68. Qxb7+ Kxb7 69. Rb2+ Rb6 70. Nxf7 Rxb2+ 71. Kxb2 Rb8 72. Kc3 Nc6 73. Nd6+ Kc7 74. c5 Nd5+ 75. Kd3 Ncb4+ 76. Ke4 Nc2 77. Ra7+ Kc6 78. Rxg7 Rb3 79. Nc4 Nc3+ 80. Ke5 Nb4 81. Na5+ Kb5 82. Nxb3 Kc4 83. Nd2+ Kd3 84. Ne4 Ncd5 85. Kxe6 Nf4+ 86. Ke5 Ne2 87. h5 Nxd4 88. hxg6 Nbc6+ 89. Kd6 Nd8 90. Rd7 N8e6 91. Ke5 Ke3 92. Rxd4 Nxd4 93. g7 Nxf3+ 94. Kf6 Kxe4 95. g8=Q Ne5 96. Qe8 1-0

[Event "*** Titled Tuesday Blitz"]
[Site "Chess.com"]
[Date "2020.11.10"]
[Round "10"]
[White "Alomaterapia"]
[Black "ecwinslow"]
[Result "1-0"]
[WhiteElo "2438"]
[BlackElo "2229"]
[TimeControl "180+1"]
[EndTime "11:55:56 PST"]
[Termination "Alomaterapia won by resignation"]

1. e4 c5 2. c3 Nf6 3. e5 Nd5 4. Nf3 d6 5. d4 cxd4 6. cxd4 Nc6 7. Bc4 dxe5 8. dxe5 Ndb4 9. Qb3 Na5 10. Bb5+ Bd7 11. Qxb4 1-0

[Event "*** Titled Tuesday Blitz"]
[Site "Chess.com"]
[Date "2020.11.10"]
[Round "10"]
[White "Chernov_Mikhail"]
[Black "m_ezat"]
[Result "0-1"]
[WhiteElo "2342"]
[BlackElo "2468"]
[TimeControl "180+1"]
[EndTime "11:58:02 PST"]
[Termination "m_ezat won by resignation"]

1. e4 c6 2. d4 d5 3. e5 c5 4.
dxc5 Nc6 5. Nf3 Bg4 6. c3 e6 7. Be3 Nge7 8. b4 Nf5 9. Bd4 a5 10.
b5 Ncxd4 11. cxd4 Bxf3 12. gxf3 Qh4 13. b6 Nxd4 14. Bg2 Bxc5 15. O-O O-O 16. Nc3 Bxb6 17. Rb1 Bc7 18. Ne2 Bxe5 0-1

[Event "*** Titled Tuesday Blitz"]
[Site "Chess.com"]
[Date "2020.11.10"]
[Round "10"]
[White "Qvalda"]
[Black "JonahWillow"]
[Result "1/2-1/2"]
[WhiteElo "2429"]
[BlackElo "2595"]
[TimeControl "180+1"]
[EndTime "11:58:04 PST"]
[Termination "Game drawn by agreement"]

1. e4 c5 2. c3 Nf6 3. e5 Nd5 4. Nf3 g6 5. Bc4 Nb6 6. Bb3 Bg7 7. O-O O-O 8. d4 cxd4 9. cxd4 d6 10. h3 Nc6 11.
Bf4 dxe5 12. dxe5 Be6 13. Nc3 Bxb3 14. Qxb3 Nd4 15. Nxd4 Qxd4 16. Be3 Qxe5 17. Bxb6 axb6 18. Qxb6 Qa5 19. Qxb7 Bxc3 20. bxc3 Qxc3 21. Qxe7 Ra4 22.
Qd7 Rfa8 23. a3 Rxa3 24. Rxa3 Qxa3 1/2-1/2

[Event "*** Titled Tuesday Blitz"]
[Site "Chess.com"]
[Date "2020.11.10"]
[Round "10"]
[White "Zarikovs1999"]
[Black "Lupul_Cenusiu"]
[Result "1-0"]
[WhiteElo "2387"]
[BlackElo "2517"]
[TimeControl "180+1"]
[EndTime "11:58:09 PST"]
[Termination "Zarikovs1999 won by resignation"]

1. e4 c5 2. Nf3 Nc6 3. d4 cxd4 4. Nxd4 Nf6 5. Nc3 e6 6. Ndb5 Bb4 7. a3 Bxc3+ 8.
Nxc3 d5 9. exd5 exd5 10. Bd3 O-O 11. O-O d4 12. Ne4 Nxe4 13. Bxe4 Re8 14. Bd3 Qh4 15. Qf3 Bg4 16. Qf4 Qh5 17. f3 Be6 18. Bd2 Ne5 19. Be4 Ng6 20. Qd6 Rad8 21. Qc5 b6 22. Qxh5 1-0

[Event "*** Titled Tuesday Blitz"]
[Site "Chess.com"]
[Date "2020.11.10"]
[Round "10"]
[White "mjray79"]
[Black "monalize"]
[Result "0-1"]
[WhiteElo "2462"]
[BlackElo "2317"]
[TimeControl "180+1"]
[EndTime "11:58:21 PST"]
[Termination "monalize won by resignation"]

1. d4 Nf6 2. c4 d6 3. Nc3 e5 4.
d5 g6 5. e4 Bg7 6. Nge2 O-O 7.
Ng3 Ne8 8. Be2 a5 9. h4 h5 10. Bg5 Qd7 11. Qd2 Na6 12. Be3 Nc5 13. Bh6 c6 14. Bxg7 Nxg7 15. dxc6 bxc6 16. Rd1 Rd8 17. Qg5 Nce6 18. Qe3 Nd4 19. Bf3 Nc2+ 20. Kd2 Nxe3 21. Kxe3 Qa7+ 22. Ke2 Ne6 23. Rd2 a4 0-1

[Event "*** Titled Tuesday Blitz"]
[Site "Chess.com"]
[Date "2020.11.10"]
[Round "10"]
[White "ChronicUnhappiness"]
[Black "MoreChessJulia"]
[Result "1-0"]
[WhiteElo "2333"]
[BlackElo "2105"]
[TimeControl "180+1"]
[EndTime "11:58:44 PST"]
[Termination "ChronicUnhappiness won by resignation"]

1. c4 c5 2. Nc3 Nc6 3. Nf3 e6 4. g3 Nf6 5. Bg2 d5 6. cxd5 Nxd5 7. O-O Be7 8. d4 O-O 9. Nxd5 Qxd5 10. Ne5 Qxd4 11.
Nxc6 bxc6 12. Be3 Qxb2 13. Qa4 Qb6 14. Rab1 Qa6 15. Qxc6 Qxc6 16. Bxc6 Ba6 17. Bxa8 Rxa8 18. Rfc1 Bxe2 19. Bxc5 Bf6 20. Bxa7 1-0

[Event "*** Titled Tuesday Blitz"]
[Site "Chess.com"]
[Date "2020.11.10"]
[Round "10"]
[White "politeplayer"]
[Black "igorknyazev"]
[Result "0-1"]
[WhiteElo "2234"]
[BlackElo "2042"]
[TimeControl "180+1"]
[EndTime "11:58:44 PST"]
[Termination "igorknyazev won by resignation"]

1. e4 e5 2. Nf3 Nf6 3. Nxe5 Nxe4 4. Qe2 Qe7 5. Qxe4 d6 6. d4 dxe5 7. Qxe5 Qxe5+ 8. dxe5 Bf5 9. Bd3 Bxd3 10. cxd3 Nc6 11. O-O O-O-O 12. Nc3 Nxe5 13. Be3 Nxd3 14. Nb5 a6 15. Nc3 Nxb2 16. Rab1 Nc4 17. Bf4 Bd6 18. Bxd6 Rxd6 19. Rfe1 Rhd8 20. Re7 R6d7 21. Re4 Nd2 0-1

[Event "*** Titled Tuesday Blitz"]
[Site "Chess.com"]
[Date "2020.11.10"]
[Round "10"]
[White "niki_2003"]
[Black "Evachess2006"]
[Result "1-0"]
[WhiteElo "1954"]
[BlackElo "1620"]
[TimeControl "180+1"]
[EndTime "11:59:00 PST"]
[Termination "niki_2003 won by resignation"]

1. d4 d5 2. c4 dxc4 3. e3 Nf6 4. Bxc4 e6 5. Nf3 b6 6. O-O Bb7 7. Nc3 Nbd7 8. b3 c5 9. Bb5 Be7 10. dxc5 Bxc5 11. Ne5 O-O 12. Nxd7 Nxd7 13. Qxd7 1-0

[Event "*** Titled Tuesday Blitz"]
[Site "Chess.com"]
[Date "2020.11.10"]
[Round "10"]
[White "Zhuu96"]
[Black "Mazetovic"]
[Result "0-1"]
[WhiteElo "2876"]
[BlackElo "2768"]
[TimeControl "180+1"]
[EndTime "11:59:28 PST"]
[Termination "Mazetovic won by resignation"]

1. e4 c5 2. Nf3 Nc6 3. Bb5 e6 4. Qe2 Nge7 5. c3 a6 6. Ba4 b5 7.
Bc2 d5 8. exd5 Nxd5 9. O-O Be7 10. Rd1 Bf6 11. d3 O-O 12. Nbd2 Bxc3 13. bxc3 Nxc3 14. Qe1 Nb4 15. Bb1 Bb7 16. Nb3 Nxd1 17. Qxd1 Rc8 18. Ba3 Qf6 19. Nxc5 Rxc5 20. Bxb4 Bxf3 21. gxf3 Rg5+ 0-1

[Event "*** Titled Tuesday Blitz"]
[Site "Chess.com"]
[Date "2020.11.10"]
[Round "10"]
[White "VMikhalevski"]
[Black "arminmusovic"]
[Result "1-0"]
[WhiteElo "2723"]
[BlackElo "2556"]
[TimeControl "180+1"]
[EndTime "11:59:28 PST"]
[Termination "VMikhalevski won by resignation"]

1. Nf3 a6 2. g3 e6 3. Bg2 d5 4.
O-O Nf6 5. b3 c5 6. c4 d4 7. e3 Nc6 8. exd4 cxd4 9. Re1 Be7 10. Ba3 O-O 11. Bxe7 Qxe7 12. d3 e5 13. b4 Bg4 14. b5 axb5 15. cxb5 Na5 16. Nbd2 Rfe8 17. h3 Bxf3 18. Nxf3 Qc5 19. a4 Rad8 20. Rc1 Qd6 21. Ng5 h6 22. Ne4 Nxe4 23. Bxe4 Qa3 24. Rc7 Rc8 25.
Qc1 Qf8 26. Bd5 Rxc7 27. Qxc7 b6 28. Kg2 Rb8 29. Rxe5 Rc8 30. Qxb6 1-0

[Event "*** Titled Tuesday Blitz"]
[Site "Chess.com"]
[Date "2020.11.10"]
[Round "10"]
[White "shnitez"]
[Black "kamilianin235"]
[Result "1-0"]
[WhiteElo "2529"]
[BlackElo "2203"]
[TimeControl "180+1"]
[EndTime "11:59:33 PST"]
[Termination "shnitez won by resignation"]

1. e4 c5 2. Nf3 d6 3. Bb5+ Nd7 4. O-O a6 5. Bd3 g6 6. Re1 Bg7 7. c3 b5 8. a4 c4 9. Bf1 Bb7 10. axb5 axb5 11. Rxa8 Qxa8 12. Na3 Bc6 13. b3 cxb3 14.
Nxb5 Qb7 15. Qxb3 Ngf6 16. Nfd4 Nc5 17. Qc4 O-O 18. Nxc6 Qxc6 19. d4 Nfd7 20. dxc5 Nxc5 21. Be3 Qxe4 22. Qxe4 Nxe4 23. Bd4 1-0

[Event "*** Titled Tuesday Blitz"]
[Site "Chess.com"]
[Date "2020.11.10"]
[Round "10"]
[White "Nikithebest"]
[Black "narutosmith"]
[Result "1-0"]
[WhiteElo "2445"]
[BlackElo "2311"]
[TimeControl "180+1"]
[EndTime "11:59:34 PST"]
[Termination "Nikithebest won by resignation"]

1. e4 c6 2. d4 d5 3. f3 g6 4. Nc3 Bg7 5. Be3 dxe4 6. fxe4 e5 7. Nf3 exd4 8. Nxd4 Ne7 9. Bc4 O-O 10. Qd2 b5 11.
Bb3 b4 12. Na4 Qa5 13. O-O-O c5 14. Nxc5 Qxc5 15. Nf5 Bxb2+ 16. Kxb2 Qc3+ 17. Kb1 Nxf5 18. exf5 Bxf5 19. Qf2 Nc6 20. Bc1 Qf6 21. g4 1-0

[Event "*** Titled Tuesday Blitz"]
[Site "Chess.com"]
[Date "2020.11.10"]
[Round "10"]
[White "LyonBeast"]
[Black "Paralinch"]
[Result "1-0"]
[WhiteElo "3075"]
[BlackElo "2861"]
[TimeControl "180+1"]
[EndTime "11:59:36 PST"]
[Termination "LyonBeast won by resignation"]

1. d4 d5 2. Bf4 c5 3. e3 Nc6 4. c3 Nf6 5. Nf3 Qb6 6. Qb3 c4 7. Qc2 Bf5 8. Qc1 e6 9. Nbd2 Be7 10. Nh4 O-O 11. Be2 Rfc8 12. Nxf5 exf5 13. Qc2 g6 14. h3 h5 15. Rg1 Qd8 16. g4 fxg4 17. hxg4 hxg4 18.
Bxg4 Nxg4 19. Rxg4 Qd7 20. Rxg6+ fxg6 21. Qxg6+ Kh8 22.
Qh5+ Kg8 23. Ke2 Bf6 24. Rg1+ Bg7 25. Bh6 Rc7 26. Bxg7 Qxg7 27. Qxd5+ Kf8 28. Rxg7 Rxg7 29. Nxc4 Rd8 30. Qf5+ Rf7 31. Qc5+ Kg8 32. Ne5 Rf5 33. Qc4+ Kg7 34. Nxc6 bxc6 35. Qxc6 Rf7 36. c4 1-0

[Event "*** Titled Tuesday Blitz"]
[Site "Chess.com"]
[Date "2020.11.10"]
[Round "10"]
[White "No_t_ime_to_die"]
[Black "dpopadic"]
[Result "0-1"]
[WhiteElo "2455"]
[BlackElo "2360"]
[TimeControl "180+1"]
[EndTime "11:59:38 PST"]
[Termination "dpopadic won by resignation"]

1. e4 c5 2. Nf3 Nc6 3. d4 cxd4 4.
Nxd4 Nf6 5. Nc3 e5 6. Ndb5 d6 7. Bg5 a6 8. Na3 b5 9. Bxf6 gxf6 10. Nd5 Bg7 11. c3 f5 12. exf5 Bxf5 13. Nc2 O-O 14. Nce3 Bd7 15. Bd3 f5 16. Qh5 e4 17. Bc2 Ne5 18.
O-O Ra7 19. Rad1 Be8 20. Qe2 Qg5 21. Nb4 Bh5 22. Qd2 Nf3+ 23. Kh1 Nxd2 24. Rxd2 Be5 25. Nc6 Rg7 26. Nxe5 dxe5 27. g3 Bf3+ 28. Kg1 f4 29. h4 0-1

[Event "*** Titled Tuesday Blitz"]
[Site "Chess.com"]
[Date "2020.11.10"]
[Round "10"]
[White "Shushik"]
[Black "CM_rui"]
[Result "0-1"]
[WhiteElo "2248"]
[BlackElo "2400"]
[TimeControl "180+1"]
[EndTime "11:59:43 PST"]
[Termination "CM_rui won by resignation"]

1. e4 e5 2. Nf3 Nc6 3. Bc4 Bc5 4. c3 Nf6 5. d4 exd4 6. e5 d5 7. Bb5 Ne4 8. cxd4 Bb4+ 9. Bd2 Nxd2 10. Nbxd2 O-O 11.
O-O Bg4 12. Qa4 Bxd2 13. Nxd2 Qg5 14. f4 Qg6 15. Nf3 a6 16. Bxc6 bxc6 17. Rac1 Qe4 18. Nh4 Be2 19. Rfe1 Qe3+ 20. Kh1 Qxf4 21. Rxe2 Qxc1+ 0-1

[Event "*** Titled Tuesday Blitz"]
[Site "Chess.com"]
[Date "2020.11.10"]
[Round "10"]
[White "Buryshin_Vasyl"]
[Black "NefeLV"]
[Result "0-1"]
[WhiteElo "2180"]
[BlackElo "1770"]
[TimeControl "180+1"]
[EndTime "11:59:43 PST"]
[Termination "NefeLV won by resignation"]

1. b3 d5 2. Bb2 c5 3. e3 Nc6 4. Bb5 Bd7 5. Bxc6 Bxc6 6. d4 e6 7.
Ne2 Bd6 8. c4 Nf6 9. Nbc3 dxc4 10. bxc4 cxd4 11. Nxd4 Bxg2 12. Rg1 Bh3 13. Rxg7 Kf8 14.
Rg1 Bg4 15. Qd2 Bxh2 16. Rg2 Bc7 17. Ba3+ Ke8 18. Ndb5 Qxd2+ 19. Kxd2 Rd8+ 20. Ke1 Ba5 21. Rc1 a6 22. Nd4 e5 23. Ne2 h5 24. Rd1 Bxe2 25.
Rd2 Bxc3 0-1

[Event "*** Titled Tuesday Blitz"]
[Site "Chess.com"]
[Date "2020.11.10"]
[Round "10"]
[White "Stormeman100100"]
[Black "vladimirssvesnikovs"]
[Result "0-1"]
[WhiteElo "2541"]
[BlackElo "2371"]
[TimeControl "180+1"]
[EndTime "11:59:48 PST"]
[Termination "vladimirssvesnikovs won by resignation"]

1. d4 d5 2. c4 e6 3. Nf3 Nf6 4. g3 dxc4 5. Bg2 c5 6. O-O Nc6 7. dxc5 Qxd1 8. Rxd1 Bxc5 9. Nbd2 c3 10.
bxc3 O-O 11. Nb3 Be7 12. Nfd4 Nxd4 13. cxd4 Nd5 14. Bd2 f5 15. Rac1 b6 16. Rc2 Ba6 17. Be1 Rac8 18. Rdc1 Rxc2 19. Rxc2 Rc8 20. Rxc8+ Bxc8 21. e4 fxe4 22. Bxe4 a5 23. Bf3 Ba6 24. Kg2 Bc4 25. Nc1 Bb4 26. Bxb4 Nxb4 27. a4 Nc2 28.
Be2 Bd5+ 29. Bf3 Ne1+ 0-1

[Event "*** Titled Tuesday Blitz"]
[Site "Chess.com"]
[Date "2020.11.10"]
[Round "10"]
[White "esapunov"]
[Black "youngKID"]
[Result "0-1"]
[WhiteElo "2715"]
[BlackElo "2845"]
[TimeControl "180+1"]
[EndTime "11:59:50 PST"]
[Termination "youngKID won by resignation"]

1. c4 f5 2. Nf3 Nf6 3. Nc3 g6 4. d4 Bg7 5. Bf4 O-O 6. h3 d6 7. e3 Qe8 8. Be2 Nbd7 9. Bh2 c6 10. O-O e5 11. Rc1 e4 12. Nd2 Qe6 13. d5 Qe7 14.
dxc6 bxc6 15. Nb3 Ne5 16. Nd4 Bd7 17. b4 g5 18. c5 d5 19. b5 cxb5 20. Bxe5 Qxe5 21. c6 Bc8 22. Ndxb5 f4 23. Qd4 Qf5 24. Nd6 Qe6 25. Nxc8 Raxc8 26. Nb5 f3 27. gxf3 Qxh3 28. fxe4 Ng4 29. Qxd5+ Kh8 30. Qd6 Be5 0-1